 Dungeon Crawl Stone Soup version 0.30-a0-509-gd016549fea (webtiles) character file.

Game seed: 83027820061709392

271 bande the Trooper (level 6, -3/39 HPs)
             Began as a Gargoyle Fighter on Dec 22, 2022.
             Killed from afar by Ijyb (13 damage)
             ... with a bolt of light
             ... on level 3 of the Dungeon.
             The game lasted 00:04:25 (2201 turns).

bande the Trooper (Gargoyle Fighter)                Turns: 2201, Time: 00:04:26

Health: -3/39      AC: 15    Str: 20    XL:     6   Next: 23%
Magic:  6/6        EV:  7    Int:  8    God:
Gold:   137        SH:  0    Dex: 11    Spells: 5/5 levels left

rFire   . . .      SeeInvis .    a - +0 war axe
rCold   . . .      Faith    .    c - +0 buckler
rNeg    + . .      Spirit   .    h - +0 chain mail
rPois   ∞          Reflect  .    k - +0 helmet
rElec   +          Harm     .    (no cloak)
rCorr   .          Rampage  .    (no gloves)
Will    .....                    (no boots)
Stlth   ..........               (no amulet)
HPRegen 0.26/turn                (no ring)
MPRegen 0.10/turn                (no ring)

@: confused
A: sickness immunity, AC +4, negative energy resistance 1, electricity
resistance, torment resistance 1, petrification resistance
a: no special abilities


You were on level 3 of the Dungeon.
You visited 1 branch of the dungeon, and saw 3 of its levels.

You collected 137 gold pieces.

Inventory:

Hand Weapons
 a - a +0 war axe (weapon)
 o - a +0 war axe
 r - a +0 flail
Armour
 b - a +2 ring mail of fire resistance
 c - a +0 buckler (worn)
 h - a +0 chain mail (worn)
 k - a +0 helmet (worn)
Wands
 q - a wand of polymorph (10)
Scrolls
 e - 2 scrolls of teleportation
 g - a scroll of fog
 l - a scroll of magic mapping
 m - a scroll of vulnerability
 n - 3 scrolls of identify
 p - a scroll of fear {unknown}
Potions
 d - a potion of might
 f - a potion of mutation
 i - 2 potions of magic
 j - 2 potions of curing


   Skills:
 + Level 4.4 Fighting
 + Level 4.3 Axes
 + Level 4.1 Armour
 + Level 4.0 Shields


You had 5 spell levels left.
You didn't know any spells.
Your spell library contained the following spells:

 Spells                   Type           Power      Damage    Failure   Level
 Summon Forest            Summ/Tloc      0%         N/A       100%        5
 Summon Mana Viper        Hex/Summ       0%         N/A       100%        5
 Summon Cactus Giant      Summ           0%         N/A       100%        6


Dungeon Overview and Level Annotations

Branches:
Dungeon (3/15)

Altars:

Annotations:
D:3 Ijyb


Innate Abilities, Weirdness & Mutations

You are immune to sickness and miasma.
Your stone body is resilient. (AC +4)
You are immune to poison.
You resist negative energy. (rN+)
You are resistant to electric shocks. (rElec)
You are resistant to unholy torment.
You are immune to petrification.


Message History

You are too confused!
You are too confused!
You are too confused!
You are too confused!
You are too confused!
You are too confused!
You are too confused!
You are too confused!
You are too confused!
You are too confused!
You are too confused!
You are too confused!
Unknown command.
Ijyb hits you with a +0 club.
Unknown command.
You feel less confused. Ijyb hits you but does no damage.
You closely miss Ijyb.
Ijyb is moderately wounded.
Ijyb hits you but does no damage.
You closely miss Ijyb.
Ijyb is moderately wounded.
Ijyb hits you but does no damage.
You slash Ijyb!
Ijyb is severely wounded.
Ijyb hits you but does no damage. Ijyb hits you with a +0 club.
You barely miss Ijyb.
Ijyb is severely wounded.
Ijyb hits you with a +0 club.
You barely miss Ijyb.
Ijyb is severely wounded.
Ijyb zaps a wand.
The bolt of light hits you!!
You are confused.
Ouch! That really hurt!
* * * LOW HITPOINT WARNING * * *
You bump into the rock wall.
Ijyb barely misses you.
You barely miss Ijyb.
Ijyb is severely wounded.
Ijyb zaps a wand.
The bolt of light hits you!
You die...

#..###..........#
####
#...............#
#..##.########.##
...# #...## #..# . #.
###..## ##.# #.#.##
##..# #.###
....####.# #...##
#..###.# ##...###
#@.##.# #.#..#. #
##g.#.# #......
#...##.#.# ###......
#........# #...#....
##.##.#..####.####...
#.#.......## ####
#.#..........## #
#.#...........#####
..................


You could see Ijyb.

Vanquished Creatures
  A centaur (D:3)
  An orc priest (D:2)
  Terence (D:3)
  Robin (D:2)
  4 adders (D:2)
  2 worms
  A dart slug (D:3)
  4 orcs
  10 bats
  5 endoplasms
  3 giant cockroaches
  11 hobgoblins
  6 jackals (D:1)
  4 ball pythons
  A frilled lizard (D:3)
  13 goblins
  3 kobolds
  3 rats
74 creatures vanquished.

Notes
Turn   | Place    | Note
-------+----------+-------------------------------------------
     0 | D:1      | bande the Gargoyle Fighter began the quest for the Orb.
     0 | D:1      | Reached XP level 1. HP: 14/14 MP: 1/1
   138 | D:1      | Reached XP level 2. HP: 19/19 MP: 2/2
   572 | D:1      | Reached XP level 3. HP: 24/24 MP: 3/3
  1108 | D:2      | Reached XP level 4. HP: 28/29 MP: 4/4
  1116 | D:2      | Noticed Robin
  1123 | D:2      | Killed Robin
  1706 | D:3      | Reached XP level 5. HP: 25/33 MP: 5/5
  1941 | D:3      | Noticed a centaur
  1956 | D:3      | Killed a centaur
  1957 | D:3      | Reached XP level 6. HP: 27/39 MP: 6/6
  2024 | D:3      | Noticed Terence
  2037 | D:3      | Killed Terence
  2187 | D:3      | Noticed Ijyb
  2201 | D:3      | Killed from afar by Ijyb

Illustrated notes

Levels and vault maps discovered:
D:1:      dpeg_arrival_signposts, layout_basic
D:2:      layout_loops_ring, uniq_robin
D:3:      layout_rooms, uniq_ijyb, uniq_terence

Skill      XL: |  1  2  3  4  5  6 |
---------------+-------------------+-----
Axes           | 2 3 4 |  4.3
Fighting       | 4 |  4.4
Armour         | 4 |  4.1
Shields        | 4 |  4.0

Action                   |  1- 3 |  4- 6 || total
-------------------------+-------+-------++-------
Melee: War axe           |   113 |   137 ||   250
       Unarmed           |       |    13 ||    13
  Use: Scroll            |       |     8 ||     8
 Stab: Confused          |       |     1 ||     1
Armor: Scale mail        |    97 |    47 ||   144
       Chain mail        |       |    72 ||    72
       Skin              |       |     1 ||     1
Dodge: Dodged            |   104 |    81 ||   185
Block: Buckler           |    32 |    38 ||    70

Table legend: (Time is in decaauts)
 A = Elapsed time spent in this place.
 B = Non-inter-level travel time spent in this place.
 C = Inter-level travel time spent in this place.
 D = Time resting spent in this place.
 E = Time spent auto-exploring this place.
 F = Levels seen in this place.
 G = Mean time per level.
                   A        B        C        D        E       F      G
               +--------+--------+--------+--------+--------+-----+--------+
         Total |   2301 |   2246 |     55 |    126 |   1463 |   3 |  767.0 |
       Dungeon |   2301 |   2246 |     55 |    126 |   1463 |   3 |  767.0 |
               +--------+--------+--------+--------+--------+-----+--------+

Top non-repeatable levels by time:
     D:1: 1024 daAuts
     D:2: 887 daAuts
     D:3: 389 daAuts
